 Dungeon Crawl Stone Soup version 0.19.0-2-gae57169 (webtiles) character file.

1887 RobertPalmer the Basher (level 9, -6/55 HPs)
             Began as a Halfling Abyssal Knight on Nov 6, 2016.
             Was a Priest of Lugonu.
             Mangled by an ogre
             ... wielding a +0 giant club
              (13 damage)
             ... on level 6 of the Dungeon.
             The game lasted 00:16:58 (8827 turns).

RobertPalmer the Basher (Halfling Abyssal Knight)   Turns: 8827, Time: 00:16:59

Health: -6/55      AC:  5    Str: 19    XL:     9   Next: 37%
Magic:  10/10      EV: 14    Int: 11    God:    Lugonu [***...]
Gold:   130        SH:  0    Dex: 15    Spells: 0 memorised, 8 levels left

rFire  . . .     SeeInvis .     a - +2 whip (flame)
rCold  . . .     Gourm    .     t - +0 leather armour
rNeg   . . .     Faith    .     (shield restricted)
rPois  .         Spirit   .     (helmet restricted)
rElec  .         Reflect  .     D - +0 cloak
rCorr  .         Harm     .     E - +0 pair of gloves
MR     .....                    (no boots)
Stlth  +.........               q - amulet of magic regeneration
                                (no ring)
                                k - ring of flight {+Fly, !d}

@: mighty
A: horns 1, mutation resistance 1
a: Depart the Abyss, Bend Space, Banish, Renounce Religion, Evoke Flight


You were on level 6 of the Dungeon.
You worshipped Lugonu.
Lugonu was most pleased with you.
You were not hungry.

You visited 1 branch of the dungeon, and saw 6 of its levels.
You visited the Abyss 1 time.

You collected 346 gold pieces.
You spent 216 gold pieces at shops.

Inventory:

Hand Weapons
 a - a +2 whip of flaming (weapon)
   (You took it off Pikel on level 6 of the Dungeon)
 b - a +0 blowgun
   (You took it off a kobold on level 3 of the Dungeon)
 F - a +0 flail
   (You took it off an orc on level 6 of the Dungeon)
Missiles
 d - 7 curare-tipped needles
 i - 221 stones (quivered)
 y - 19 poisoned needles
 B - a throwing net {=f, !d}
Armour
 t - a +0 leather armour (worn)
 D - a +0 cloak (worn)
   (You bought it in a shop on level 5 of the Dungeon)
 E - a +0 pair of gloves (worn)
   (You bought it in a shop on level 5 of the Dungeon)
Jewellery
 k - a ring of flight (left hand) {+Fly, !d}
   (You took it off a goblin on level 1 of the Dungeon)
 q - an amulet of magic regeneration (around neck)
   (You took it off a hobgoblin on level 2 of the Dungeon)
Scrolls
 e - 2 scrolls of teleportation
 f - 3 scrolls of blinking {unknown}
 g - 4 scrolls of remove curse
 h - 3 scrolls of magic mapping {unknown}
 m - a scroll of immolation {unknown}
 n - a scroll of enchant armour {unknown}
 o - 2 scrolls of identify
 p - 3 scrolls of recharging {unknown}
 s - a scroll of fear {unknown}
 u - a scroll of amnesia {unknown}
 v - 2 scrolls of enchant weapon {unknown}
Potions
 w - a potion of heal wounds {unknown}
 x - a potion of agility {unknown}
 z - 2 potions of brilliance
Books
 A - a book of Minor Magic
   (You found it on level 5 of the Dungeon)
Comestibles
 c - 6 bread rations {@e1}
 j - 5 chunks of flesh {@w0}
 l - 4 meat rations {@e2}
 I - a royal jelly


   Skills:
 - Level 2.6 Fighting
 + Level 10.7 Maces & Flails
 - Level 2.1 Armour
 - Level 1.1 Dodging
 - Level 2.0 Invocations


You had 8 spell levels left.
You didn't know any spells.

Dungeon Overview and Level Annotations

Branches:
Dungeon (6/15)             Temple (0/1) D:6

Altars:
Kikubaaqudgha
Okawaru
Vehumet

Shops:
D:5 [   D:6 *


Innate Abilities, Weirdness & Mutations

You are small and have problems with some larger weapons.
You are somewhat resistant to further mutation.
You have a pair of small horns on your head.


Message History

Lugonu accepts your kill. The orc misses you.
You hit the orc. You burn the orc. You headbutt the orc.
You kill the orc!
Lugonu accepts your kill.
No target in view!
You are feeling hungry.
Things that are here:
a flail; a ring mail There isn't anything to butcher here.
Things that are here:
a hand axe; a ring mail There isn't anything to butcher here.
Things that are here:
a hand axe; a ring mail
There is an open door here.
Things that are here:
a club x2; an orc corpse An adder comes into view.
Found a staircase to the Ecumenical Temple.
There is an open door here.
There is a staircase to the Ecumenical Temple here.
The helpless adder fails to defend itself.
You hit the adder. You burn the adder. The adder closely misses you.
You completely miss the adder. The adder barely misses you.
You barely miss the adder. You headbutt the adder. The adder bites you.
You take 3 damage, and have 52/55 hp.
Your leather armour prevents you from hitting the adder.
The adder bites you but does no damage.
You closely miss the adder. You hit the adder. You burn the adder.
You kill the adder!
Lugonu accepts your kill.
No target in view!
There is an open door here.
There is an open door here.
A centaur comes into view.
The centaur shouts!
The centaur wields a shortbow.
The centaur shoots an arrow.
The arrow hits you!
The centaur shoots an arrow.
The arrow hits you!
You see here 2 arrows.
A centaur is nearby!
A centaur is nearby!
A centaur is nearby!
You take 17 damage, and have 36/55 hp.
MASSIVE DAMAGE!!
The centaur shoots an arrow.
The arrow hits you.
You see here an arrow.
You take 5 damage, and have 32/55 hp.
You open the door.
A worker ant comes into view.
The worker ant twitches its antennae in your direction.
There is an open door here.
You close the door.
You closely miss the worker ant.
Okay, then.
You feel very mighty all of a sudden. The worker ant bites you.
Something unseen opens the door.
The worker ant misses you.
You take 5 damage, and have 28/55 hp.
Unknown command.
You whack the worker ant! You burn the worker ant.
You kill the worker ant!
Lugonu accepts your kill.
The centaur shoots an arrow.
The arrow hits you.
There is an open door here.
You see here an arrow.
You take 5 damage, and have 23/55 hp.
The centaur unwields an uncursed shortbow.
The centaur barely misses you. The centaur hits you.
You take 6 damage, and have 17/55 hp.
You whack the centaur! You burn the centaur. You headbutt the centaur!
You kill the centaur!
Lugonu accepts your kill.
You now have 130 gold pieces (gained 12).
Things that are here:
an uncursed shortbow; 30 arrows; a centaur corpse You butcher the centaur corpse.
j - 6 chunks of flesh {@w0}
Things that are here:
an uncursed shortbow; 30 arrows; a centaur skeleton Eating one of 6 chunks of flesh {@w0}.
You start eating one of the 6 chunks of flesh {@w0}.
There is an open door here.
You see here an arrow.
Found a stone staircase leading down.
An ogre comes into view. It is wielding a giant club.
The ogre shouts!
The ogre hits you with a giant club!!
* * * LOW HITPOINT WARNING * * *
You take 19 damage, and have 1/55 hp.
MASSIVE DAMAGE!!
Okay, then.
Okay, then.
There is an open door here.
You see here an arrow.
You see here an arrow.
There is an open door here.
The ogre hits you with a giant club!
You die...

...........#######...#.....'...
...........#.........#.....#...
...........#.........#.....#...
...........#.........#.....#...
...........###########.....#.#.
########'####...####.###.....##
#.................#.....#.
#.................#.....#.
#........@........#.....#.
##.........O.......#.....#.
#...######....##.###.....#.
#########...#.(..##'#.......##
#.......#...#.......#......+..
#.♣.♣.♣.#...#....[..#.........
#.......#...#(......#.........
#>..........(.).....#.....8.∩.
#.......#...#####...#.......+#


You could see an ogre.

Vanquished Creatures
  Pikel (D:6)
  A hippogriff (D:6)
  Sigmund (D:2)
  4 slaves
  A phantom (D:4)
  An ogre (D:5)
  2 centaurs (D:6)
  A bullfrog (D:6)
  A howler monkey (D:6)
  A crimson imp (D:5)
  A centaur skeleton (D:4)
  2 orc priests
  Crazy Yiuf (D:5)
  2 hounds
  An orc wizard (D:4)
  2 iguanas (D:5)
  6 worker ants
  A hound zombie (D:5)
  A hound skeleton (D:5)
  2 howler monkey zombies
  Robin (D:2)
  A worker ant zombie (D:5)
  2 gnolls (D:3)
  2 howler monkey skeletons
  4 adders
  A shadow imp (D:5)
  2 worms
  An adder skeleton (D:4)
  2 dart slugs (D:1)
  A leopard gecko (D:5)
  15 orcs
  2 giant cockroaches (D:4)
  17 goblins
  12 hobgoblins
  A jackal (D:4)
  3 quokkas
  5 bats
  4 frilled lizards
  17 kobolds
  A quokka skeleton (D:4)
  10 rats
  A fungus (D:5)
138 creatures vanquished.

Notes
Turn   | Place    | Note
-------+----------+-------------------------------------------
     0 | Abyss:1  | RobertPalmer the Halfling Abyssal Knight began the quest for the Orb.
     0 | Abyss:1  | Reached XP level 1. HP: 15/15 MP: 2/2
    52 | Abyss:1  | Noticed a worldbinder
    57 | Abyss:1  | Noticed a flying skull
    58 | Abyss:1  | Noticed an insubstantial wisp
    66 | Abyss:1  | Noticed an apocalypse crab
    68 | D:1      | Escaped the Abyss
   249 | D:1      | Reached skill level 2 in Maces & Flails
   311 | D:1      | Reached XP level 2. HP: 20/20 MP: 3/3
   335 | D:1      | Reached * piety under Lugonu
   611 | D:1      | Reached XP level 3. HP: 25/25 MP: 4/4
   640 | D:1      | Reached skill level 3 in Maces & Flails
   871 | D:2      | Noticed Robin
   905 | D:2      | Killed Robin
   905 | D:2      | Reached XP level 4. HP: 21/30 MP: 5/5
  1036 | D:2      | Reached ** piety under Lugonu
  1055 | D:2      | Noticed Sigmund
  1069 | D:2      | HP: 3/30 [something/magic dart (7)]
  1071 | D:2      | Killed Sigmund
  1071 | D:2      | Reached skill level 5 in Maces & Flails
  1071 | D:2      | Reached XP level 5. HP: 4/35 MP: 6/6
  1071 | D:2      | Reached XP level 6. HP: 5/41 MP: 7/7
  2600 | D:3      | Found an iron altar of Okawaru.
  2617 | D:3      | HP: 9/41 [gnoll (6)]
  2807 | D:4      | Reached skill level 6 in Maces & Flails
  2947 | D:4      | HP: 8/41 [centaur skeleton (7)]
  2957 | D:4      | HP: 7/41 [centaur skeleton (2)]
  2961 | D:5      | Entered Level 5 of the Dungeon
  3219 | D:4      | Reached XP level 7. HP: 36/45 MP: 8/8
  3353 | D:4      | Found a radiant altar of Vehumet.
  3416 | D:4      | HP: 11/45 [poisoned by an adder]
  3423 | D:4      | HP: 9/45 [poisoned by an adder]
  3431 | D:4      | HP: 9/45 [poisoned by an adder]
  3928 | D:4      | HP: 10/45 [phantom (8)]
  4276 | D:4      | Reached skill level 7 in Maces & Flails
  4615 | D:4      | Reached *** piety under Lugonu
  4887 | D:5      | Found Xepiuz's Antique Armour Boutique.
  5225 | D:5      | Reached XP level 8. HP: 23/51 MP: 9/9
  5579 | D:5      | Reached skill level 8 in Maces & Flails
  5704 | D:5      | Gained mutation: You have a pair of small horns on your head. [potion of mutation]
  5707 | D:5      | HP: 12/51 [poisoned by a worker ant]
  5714 | D:5      | HP: 7/51 [poisoned by a worker ant]
  5719 | D:5      | HP: 6/51 [poisoned by a worker ant]
  5726 | D:5      | HP: 4/51 [poisoned by a worker ant]
  5731 | D:5      | HP: 4/51 [poisoned by a worker ant]
  5737 | D:5      | HP: 4/51 [poisoned by a worker ant]
  5742 | D:5      | HP: 3/51 [poisoned by a worker ant]
  5749 | D:5      | HP: 3/51 [poisoned by a worker ant]
  6375 | D:5      | Bought a cloak for 108 gold pieces
  6375 | D:5      | Bought a pair of gloves for 108 gold pieces
  6579 | D:5      | Found a runed door.
  6583 | D:5      | Noticed Crazy Yiuf
  6589 | D:5      | Killed Crazy Yiuf
  6838 | D:6      | Noticed Pikel
  7560 | D:6      | Killed Pikel
  7560 | D:6      | Reached skill level 9 in Maces & Flails
  7560 | D:6      | Reached XP level 9. HP: 54/55 MP: 10/10
  7680 | D:6      | Reached skill level 10 in Maces & Flails
  7880 | D:6      | Found an ancient bone altar of Kikubaaqudgha.
  7888 | D:6      | Found Geff's Evil Emporium.
  7952 | D:6      | Noticed a hippogriff
  7974 | D:6      | HP: 10/55 [hippogriff (5)]
  8386 | D:6      | HP: 12/55 [hippogriff (3)]
  8390 | D:6      | Killed a hippogriff
  8717 | D:6      | Found a staircase to the Ecumenical Temple.
  8797 | D:6      | HP: 1/55 [ogre/giant club (19)]
  8827 | D:6      | Mangled by an ogre

Skill      XL: |  1  2  3  4  5  6  7  8  9 |
---------------+----------------------------+-----
Maces & Flails | 2 3 5 6 7 9 10 | 10.7
Fighting       | |  2.6
Armour         | |  2.1
Dodging        | |  1.1
Invocations    | |  2.0

Action                   |  1- 3 |  4- 6 |  7- 9 || total
-------------------------+-------+-------+-------++-------
Melee: Mace              |   104 |   121 |   220 ||   445
       Flail             |       |       |    91 ||    91
       Headbutt          |       |       |    37 ||    37
       Whip              |       |       |    44 ||    44
 Fire: Blowgun           |       |       |    34 ||    34
Throw: Stone             |       |       |     5 ||     5
Invok: Depart the Abyss  |     1 |       |       ||     1
       Bend Space        |       |       |     1 ||     1
  Use: Scroll            |     4 |       |     2 ||     6
       Potion            |       |     4 |     7 ||    11
 Stab: Sleeping          |     1 |       |     2 ||     3
  Eat: Chunk             |       |     7 |    16 ||    23
       Pizza             |       |       |     1 ||     1
       Beef jerky        |       |       |     1 ||     1
Armor: Leather armour    |    29 |    14 |    47 ||    90
Dodge: Dodged            |    90 |    70 |   199 ||   359

Vault maps used:
D:1:      lightli_arrival_isolated_outpost, minmay_statues_item
D:2:      uniq_robin, uniq_sigmund
D:3:      okawaru_altar_gauntlet_db
D:4:      minmay_ruined_shrine
D:5:      serial_shops, kennysheep_mini, first_bread, uniq_crazy_yiuf_cottage
D:6:      grunt_ministairs_3, nicolae_evil_shop, uniq_pikel
Abyss:1:  hangedman_cross_veins, minivault_11, evilmike_abyss_exit_16

Table legend:
 A = Turns spent in this place as a percentage of turns spent in the entire game.
 B = Non-inter-level travel turns spent in this place as a percentage of non-inter-level travel turns spent in the entire game.
 C = Inter-level travel turns spent in this place as a percentage of turns spent in this place.
 D = Turns resting spent in this place as a percentage of non-inter-level travel turns spent in this place.
 E = Turns spent auto-exploring this place as a percentage of non-inter-level travel turns spent in this place.
 F = Non-inter-level travel turns spent in this place divided by the number of levels of this place that you've seen.
                   A       B       C       D       E      F
               +-------+-------+-------+-------+-------+----------------------
         Total | 100.0 | 100.0 |   0.5 |   3.1 |   6.3 | 398.4
       Dungeon |  97.5 |  97.5 |   0.5 |   3.2 |   6.5 | 453.0
         Abyss |   2.5 |   2.5 |   0.0 |   0.0 |   0.0 |  71.0
               +-------+-------+-------+-------+-------+----------------------

Table legend:
 A = Kills in this place as a percentage of kills in entire the game.
 B = Kills by you in this place as a percentage of kills by you in the entire game.
 C = Kills by friends in this place as a percentage of kills by friends in the entire game.
 D = Other kills in this place as a percentage of other kills in the entire game.
 E = Experience gained in this place as a percentage of experience gained in the entire game.
 F = Experience gained in this place divided by the number of levels of this place that you have seen.
                   A       B       C       D       E      F
               +-------+-------+-------+-------+-------+----------------------
         Total | 100.0 | 100.0 |  -nan |  -nan | 100.0 | 385.3
       Dungeon | 100.0 | 100.0 |  -nan |  -nan | 100.0 | 449.5
               +-------+-------+-------+-------+-------+----------------------
